[Event "Titled Tuesday Blitz July 4 Early 2023"]
[White "Vovk, Orest"]
[Black "Sanhueza, Cristian"]
[WhiteFideId "14113490"]
[BlackFideId "116815"]
[WhiteElo "2578"]
[BlackElo "2465"]
[Result "0-1"]
[Round "11"]
[TimeControl "180+2"]
[Date "2023.07.04"]
[WhiteClock "0:00:01"]
[BlackClock "0:00:25"]
[Board "78"]

1. g4 d5 2. Bg2 c6 3. h3 e6 4. d4 Bd6 5. Nf3 Ne7 6. c4 Ng6 7. Nc3 Nh4 8. Nxh4 Qxh4 9. e4 dxc4 10. Qe2 Nd7 11. e5 Be7 12. Ne4 h5 13. g5 Nb6 14. O-O Nd5 15. f4 b5 16. Qf3 f6 17. Bd2 fxg5 18. fxg5 Rf8 19. Qd1 Rxf1+ 20. Qxf1 Bd7 21. Qe2 O-O-O 22. Rf1 Rf8 23. Rxf8+ Bxf8 24. g6 Be7 25. Qf3 Be8 26. Nd6+ Bxd6 27. exd6 Qxd4+ 28. Qf2 Qxf2+ 29. Kxf2 Bxg6 30. Bg5 Kd7 31. b3 cxb3 32. axb3 Kxd6 33. Ke2 a5 34. Kd1 Kc5 35. Kc1 a4 36. bxa4 bxa4 37. Kb2 e5 38. Bh4 Nf4 39. Bf2+ Kb4 40. Bxc6 Nd3+ 41. Ka2 Nxf2 42. Be8 Bxe8 0-1


[Site "https://www.chess.com"]

[Event "Titled Tuesday Blitz July 4 Early 2023"]
[White "Garcia Almaguer, Juan Manuel"]
[Black "Kashlinskaya, Alina"]
[WhiteFideId "5110491"]
[BlackFideId "4198026"]
[WhiteElo "2465"]
[BlackElo "2574"]
[Result "1-0"]
[Round "11"]
[TimeControl "180+2"]
[Date "2023.07.04"]
[WhiteClock "0:00:06"]
[BlackClock "0:00:20"]
[Board "79"]

1. e4 c5 2. Nf3 d6 3. d4 cxd4 4. Nxd4 Nf6 5. Nc3 a6 6. Be2 e5 7. Nb3 Be7 8. Be3 Be6 9. Qd3 Nc6 10. a3 O-O 11. O-O-O Rc8 12. Nd5 Bxd5 13. exd5 Nb8 14. g4 b5 15. h4 Nfd7 16. Bf3 Nb6 17. Be4 g6 18. h5 Bf6 19. hxg6 fxg6 20. Rh3 Rf7 21. Rdh1 Rg7 22. Kb1 Bg5 23. f4 exf4 24. Bd4 Bf6 25. Bxf6 Qxf6 26. Nd4 Na4 27. c3 Nd7 28. Ne6 Ndc5 29. Qf3 Nxe6 30. dxe6 Nb6 31. Bd5 Qe7 32. Re1 Nxd5 33. Qxd5 Rf8 34. Rf3 g5 35. Rd3 Rd8 36. Rh1 Rg6 37. Re1 h6 38. a4 bxa4 39. c4 Kg7 40. c5 a3 41. cxd6 Qf6 42. Re5 f3 43. Rxf3 Rxd6 44. Qb7+ Kh8 45. Rxf6 1-0


[Site "https://www.chess.com"]

[Event "Titled Tuesday Blitz July 4 Early 2023"]
[White "Golubev, Mikhail"]
[Black "Kopczynski, Michal"]
[WhiteFideId "14100983"]
[BlackFideId "1124200"]
[WhiteElo "2554"]
[BlackElo "2464"]
[Result "0-1"]
[Round "11"]
[TimeControl "180+2"]
[Date "2023.07.04"]
[WhiteClock "0:00:00"]
[BlackClock "0:01:13"]
[Board "80"]

1. e4 b6 2. d4 Bb7 3. Bd3 e6 4. Nf3 Nf6 5. Qe2 d5 6. e5 Nfd7 7. O-O c5 8. c3 Nc6 9. Bg5 Qc7 10. Nbd2 h6 11. Be3 O-O-O 12. b3 f5 13. exf6 gxf6 14. Rac1 e5 15. Bf5 Kb8 16. Nh4 Bd6 17. g3 exd4 18. cxd4 cxd4 19. Bxd4 Nxd4 20. Qd3 Nc6 21. Ndf3 Nc5 22. Qb1 a5 23. a3 Ne4 24. Nd4 Nxd4 25. Rxc7 Bxc7 26. Qd3 Be5 27. f4 Bd6 28. Kg2 Nxf5 29. Nxf5 Bxa3 30. Qb5 d4 31. Kh3 Bc5 32. b4 axb4 33. Ra1 Bc8 34. Qc6 Bb7 35. Qa4 Kc7 0-1


[Site "https://www.chess.com"]

[Event "Titled Tuesday Blitz July 4 Early 2023"]
[White "Thecourseoisildur"]
[Black "Gomez Barrera, Javiera Belen"]
[BlackFideId "3418723"]
[WhiteElo "2546"]
[BlackElo "2463"]
[Result "0-1"]
[Round "11"]
[TimeControl "180+2"]
[Date "2023.07.04"]
[WhiteClock "0:00:10"]
[BlackClock "0:00:17"]
[Board "81"]

1. e4 c5 2. Nf3 Nc6 3. Bb5 g6 4. O-O Bg7 5. Re1 e5 6. b4 cxb4 7. a3 Nge7 8. axb4 Nxb4 9. Ba3 Nbc6 10. Bd6 a6 11. Nc3 O-O 12. Bc4 b6 13. Nd5 Bb7 14. Nxe7+ Nxe7 15. Ng5 Bf6 16. Qg4 Kg7 17. h4 b5 18. Bb3 Qb6 19. Qxd7 Rad8 20. Bc7 Qxf2+ 21. Kxf2 Rxd7 22. Ba5 Nc6 23. d3 Nxa5 24. Rxa5 Bd8 25. Ra2 h6 26. Nf3 f6 27. Rea1 Bb6+ 28. Kf1 Rc8 29. Rxa6 Bxa6 30. Rxa6 Bd8 31. Be6 Rdc7 32. Bxc8 Rxc8 33. Ra7+ Kf8 34. h5 gxh5 35. Nh4 Rxc2 36. Nf5 Bb6 37. Rb7 Bc5 38. Rxb5 Bd4 39. g3 Rf2+ 40. Ke1 Rf3 41. Kd2 Rf2+ 42. Kd1 Rf3 43. Kc2 Rf2+ 44. Kb1 Rf1+ 45. Ka2 Ra1+ 46. Kb3 Rb1+ 47. Kc4 Rxb5 48. Kxb5 Bf2 49. Kc6 Kf7 50. Kd7 Kg6 51. Ke6 Kg5 52. Kf7 Bxg3 53. Nxg3 h4 54. Ne2 f5 55. Ke6 f4 56. Ng1 Kg4 57. Kxe5 f3 58. Nxf3 Kxf3 59. Kf6 h3 60. e5 h2 61. e6 h1=Q 62. e7 Qh4+ 63. Kf7 Qf4+ 64. Kg8 Qg5+ 65. Kf8 Qf6+ 66. Ke8 Ke3 67. Kd7 Qf5+ 68. Kd6 Qxd3+ 69. Ke6 Qe4+ 70. Kf6 Qxe7+ 71. Kxe7 h5 72. Kf6 h4 73. Kg5 h3 74. Kg4 h2 75. Kf5 h1=Q 76. Ke5 Qe4+ 77. Kd6 Qf5 78. Kc6 Qe5 79. Kd7 Qf6 80. Kc7 Qe6 81. Kb7 Qd6 82. Ka8 Qe7 83. Kb8 Kd4 84. Ka8 Kc5 85. Kb8 Kb6 86. Ka8 Qb7# 0-1


[Site "https://www.chess.com"]

[Event "Titled Tuesday Blitz July 4 Early 2023"]
[White "Ai, Evan"]
[Black "Rodchenkov, Sergey D."]
[WhiteFideId "2094770"]
[BlackFideId "4168712"]
[WhiteElo "2457"]
[BlackElo "2543"]
[Result "0-1"]
[Round "11"]
[TimeControl "180+2"]
[Date "2023.07.04"]
[WhiteClock "0:00:28"]
[BlackClock "0:01:07"]
[Board "82"]

1. d4 d5 2. c4 dxc4 3. e3 Nf6 4. Bxc4 e6 5. Nc3 a6 6. a4 c5 7. Nf3 Nc6 8. O-O Qc7 9. e4 cxd4 10. Nxd4 Nxd4 11. Qxd4 Bc5 12. Qd3 O-O 13. b3 b6 14. Qf3 Bb7 15. Bf4 Bd6 16. Bxd6 Qxd6 17. Rad1 Qe5 18. Rfe1 Rfd8 19. Rxd8+ Rxd8 20. Qe3 Rd4 21. f4 Qc5 22. h3 Nxe4 23. Nxe4 Rxe4 24. Qxc5 Rxe1+ 25. Kf2 bxc5 26. Kxe1 a5 27. g3 Bd5 28. Kd2 Bxc4 29. bxc4 Kf8 30. Kd3 Ke7 31. Ke4 h5 32. g4 hxg4 33. hxg4 f6 34. f5 Kf7 35. Kf4 g6 36. fxg6+ Kxg6 37. Ke4 Kg5 0-1


[Site "https://www.chess.com"]

[Event "Titled Tuesday Blitz July 4 Early 2023"]
[White "Besedes, Danilo"]
[Black "Ladan, Nicholas"]
[WhiteFideId "946796"]
[BlackFideId "30918855"]
[WhiteElo "2539"]
[BlackElo "2454"]
[Result "1-0"]
[Round "11"]
[TimeControl "180+2"]
[Date "2023.07.04"]
[WhiteClock "0:01:00"]
[BlackClock "0:00:00"]
[Board "83"]

1. b3 d5 2. Bb2 Bg4 3. g3 e6 4. Bg2 Nd7 5. Nf3 a5 6. c4 Ngf6 7. O-O a4 8. bxa4 dxc4 9. Na3 Nb6 10. Ne5 Nxa4 11. Naxc4 Nxb2 12. Nxb2 Qd4 13. Nbd3 c6 14. Nxg4 Qxg4 15. Rb1 Bd6 16. Rxb7 O-O 17. Bxc6 Rxa2 18. Bf3 Qg5 19. e3 Qf5 20. Qe2 Rxd2 21. Qxd2 Qxf3 22. Rfb1 Ne4 23. Qd1 Qf5 24. R1b5 e5 25. Nf4 g5 26. Qh5 Nf6 27. Qh3 Qe4 28. Qg2 Qc2 29. Nd5 Ne4 30. Qxe4 Qxe4 31. Nf6+ 1-0


[Site "https://www.chess.com"]

[Event "Titled Tuesday Blitz July 4 Early 2023"]
[White "Tikhonov, Viacheslav"]
[Black "Marn, Jan"]
[WhiteFideId "44196407"]
[BlackFideId "14619245"]
[WhiteElo "2536"]
[BlackElo "2453"]
[Result "1/2-1/2"]
[Round "11"]
[TimeControl "180+2"]
[Date "2023.07.04"]
[WhiteClock "0:00:10"]
[BlackClock "0:00:06"]
[Board "84"]

1. d4 Nf6 2. c4 e6 3. Nf3 d5 4. g3 dxc4 5. Bg2 Nc6 6. O-O a6 7. Qc2 b5 8. Ne5 Nxd4 9. Qd1 Qd6 10. Bxa8 Qxe5 11. Nc3 Bc5 12. Bf4 Qh5 13. e3 Qxd1 14. Rfxd1 Nf5 15. Bc6+ Bd7 16. Bxd7+ Nxd7 17. Bxc7 Ke7 18. Ne4 Rc8 19. Nxc5 Nxc5 20. Ba5 Nd3 21. b3 Nd6 22. bxc4 bxc4 23. Rab1 e5 24. Bb4 e4 25. Bc3 Nb5 26. Bb4+ Ke6 27. a4 c3 28. axb5 c2 29. bxa6 Ra8 30. Bc3 Rxa6 31. Ra1 Rxa1 32. Rxa1 c1=Q+ 33. Rxc1 Nxc1 34. Bxg7 f6 35. Bf8 Kf5 36. Kg2 Nd3 37. Ba3 Ne1+ 38. Kf1 Nf3 39. h3 h5 40. Bb4 Kg6 41. Bc3 f5 42. Kg2 Ng5 43. Be5 Nf3 44. Bb2 Ng5 45. Be5 Nf3 46. Bf4 Nd2 47. Kg1 Nf3+ 48. Kf1 Kf6 49. Bb8 Kg6 50. Bd6 Ng5 51. Kg2 Nf3 52. Ba3 Nd2 53. Bc1 Nf3 54. Kf1 Nh2+ 55. Ke2 Nf3 56. h4 Nh2 57. Kd2 Nf3+ 58. Kc3 Nh2 59. Bd2 Ng4 60. Be1 Nh2 61. Kd2 Nf3+ 62. Ke2 Nh2 63. Bc3 Nf3 64. Kf1 Nh2+ 65. Kg2 Nf3 66. Kf1 Nh2+ 67. Ke2 Nf3 68. Bb4 Nh2 69. Ke1 Nf3+ 70. Kf1 Nh2+ 71. Kg2 Nf3 72. Bc3 Kf7 73. Kh3 Ke6 74. Bb4 Ne5 75. Bc3 Nf3 76. Kg2 Kd5 77. Bg7 Kc4 78. Bf6 Kd3 79. Bd8 Ke2 80. Ba5 Ne5 81. g4 Nxg4 82. Kg3 Nxf2 83. Kf4 Nd1 84. Kxf5 Nxe3+ 85. Kg5 Ng2 86. Kxh5 Kf3 87. Bb6 e3 88. Bxe3 Kxe3 89. Kg5 Nxh4 1/2-1/2


[Site "https://www.chess.com"]

[Event "Titled Tuesday Blitz July 4 Early 2023"]
[White "Namitbir Singh Walia"]
[Black "Hoffmann, Asa"]
[WhiteFideId "35071068"]
[BlackFideId "2001470"]
[WhiteElo "2529"]
[BlackElo "2441"]
[Result "1-0"]
[Round "11"]
[TimeControl "180+2"]
[Date "2023.07.04"]
[WhiteClock "0:00:15"]
[BlackClock "0:00:28"]
[Board "85"]

1. e4 d6 2. d4 Nf6 3. Nc3 c6 4. f4 Qa5 5. Bd3 e5 6. Nf3 exd4 7. Nxd4 Qb6 8. Be2 Be7 9. O-O O-O 10. Kh1 d5 11. e5 Ne4 12. Nxe4 dxe4 13. c3 Rd8 14. Qc2 c5 15. Nb3 Bf5 16. Be3 Nc6 17. Rad1 a5 18. Nd2 Rd3 19. Bxd3 exd3 20. Qc1 Qb5 21. b3 a4 22. Qb2 f6 23. Nc4 Rd8 24. Rd2 Qa6 25. exf6 Bxf6 26. Ne5 Be4 27. Bxc5 Nxe5 28. fxe5 Bxe5 29. Bd4 Bxd4 30. cxd4 Qb6 31. Rf4 Bg6 32. bxa4 Qd6 33. Rf3 Qe6 34. Qb3 Rd5 35. Re3 Qxe3 36. Qxd5+ Kf8 37. Qf3+ Qxf3 38. gxf3 Ke7 39. Kg2 Kd6 40. Kf2 Kd5 41. Ke3 b6 42. Rb2 Kc4 43. Rxb6 Kc3 44. Rc6+ Kb4 45. Rxg6 hxg6 46. Kxd3 Kxa4 47. Kc4 Ka5 48. Kc5 1-0


[Site "https://www.chess.com"]

[Event "Titled Tuesday Blitz July 4 Early 2023"]
[White "Rottenwohrer Suarez, Juan"]
[Black "Mazurkiewicz, Michal"]
[WhiteFideId "32068182"]
[BlackFideId "1124943"]
[WhiteElo "2527"]
[BlackElo "2424"]
[Result "1-0"]
[Round "11"]
[TimeControl "180+2"]
[Date "2023.07.04"]
[WhiteClock "0:00:05"]
[BlackClock "0:00:02"]
[Board "86"]

1. c4 Nf6 2. g3 g6 3. Bg2 Bg7 4. Nf3 O-O 5. O-O c5 6. Nc3 Nc6 7. d4 cxd4 8. Nxd4 Qa5 9. Nb3 Qh5 10. e4 Qxd1 11. Rxd1 d6 12. c5 Bg4 13. f3 Be6 14. cxd6 exd6 15. Bf4 Rfd8 16. Bxd6 Ne8 17. Ba3 Bxb3 18. axb3 Nd4 19. Be7 Rd7 20. Nd5 Nxb3 21. Ra3 Nd4 22. Bh3 f5 23. Bc5 Nxf3+ 24. Rxf3 b6 25. Ne7+ Rxe7 26. Bxe7 fxe4 27. Be6+ Kh8 28. Rf7 Nc7 29. Ba2 e3 30. Re1 Re8 31. Kg2 Nb5 32. Bg5 Nd6 33. Rd7 Nf5 34. g4 Ne7 35. Rxe3 Rf8 36. Rexe7 Bxb2 37. Rxh7# 1-0


[Site "https://www.chess.com"]

[Event "Titled Tuesday Blitz July 4 Early 2023"]
[White "Frolyanov, Dmitry"]
[Black "GAO"]
[WhiteFideId "4151976"]
[WhiteElo "2526"]
[BlackElo "2420"]
[Result "1-0"]
[Round "11"]
[TimeControl "180+2"]
[Date "2023.07.04"]
[WhiteClock "0:00:59"]
[BlackClock "0:00:00"]
[Board "87"]

1. d4 Nf6 2. c4 e6 3. Nf3 Bb4+ 4. Nbd2 d5 5. g3 O-O 6. Bg2 dxc4 7. O-O b5 8. a4 c6 9. axb5 cxb5 10. Ng5 Nd5 11. e4 Nb6 12. Nxh7 Kxh7 13. Qh5+ Kg8 14. e5 Nd5 15. Ne4 Be7 16. Ng5 Bxg5 17. Bxg5 Qe8 18. Bf6 gxf6 19. exf6 Nxf6 20. Qg5+ Kh7 21. Qxf6 Rg8 22. Bxa8 Nd7 23. Be4+ Rg6 24. Bxg6+ fxg6 25. Rxa7 Kg8 26. Qh4 Nf8 27. Re7 Qc6 28. Qf6 1-0


[Site "https://www.chess.com"]

[Event "Titled Tuesday Blitz July 4 Early 2023"]
[White "David, Bogdan-Emanuel"]
[Black "Carrasco Miranda, Andres"]
[WhiteFideId "1229907"]
[BlackFideId "3405990"]
[WhiteElo "2521"]
[BlackElo "2417"]
[Result "1-0"]
[Round "11"]
[TimeControl "180+2"]
[Date "2023.07.04"]
[WhiteClock "0:02:11"]
[BlackClock "0:01:37"]
[Board "88"]

1. e4 e5 2. Nc3 Nf6 3. f4 d5 4. fxe5 Nxe4 5. d3 Nxc3 6. bxc3 Nc6 7. Nf3 Bg4 8. Be2 Be7 9. O-O O-O 10. Qe1 f6 11. Qg3 Bxf3 12. Bh6 Rf7 13. e6 Bxe2 14. exf7+ Kxf7 15. Qxg7+ Ke8 16. Rfe1 Bh5 17. Qg8+ Kd7 18. Qxd5+ Kc8 19. Qxh5 1-0


[Site "https://www.chess.com"]

[Event "Titled Tuesday Blitz July 4 Early 2023"]
[White "Tinmaz, Kerem"]
[Black "gueraumasague"]
[WhiteFideId "44559151"]
[WhiteElo "2407"]
[BlackElo "2521"]
[Result "1-0"]
[Round "11"]
[TimeControl "180+2"]
[Date "2023.07.04"]
[WhiteClock "0:00:15"]
[BlackClock "0:01:24"]
[Board "89"]

1. e4 g6 2. d4 Bg7 3. Nc3 c6 4. f4 d5 5. e5 h5 6. Nf3 Bg4 7. h3 Bxf3 8. Qxf3 e6 9. Bd3 Nd7 10. Be3 h4 11. Nd1 Ne7 12. Nf2 Nf5 13. Bxf5 exf5 14. Nd3 Nf8 15. O-O Ne6 16. Rfd1 Bf8 17. Rac1 Be7 18. b3 a5 19. c4 a4 20. cxd5 Qxd5 21. Qxd5 cxd5 22. b4 O-O 23. a3 Rfc8 24. Nc5 b6 25. Nd7 Bd8 26. Kf2 Kg7 27. Kf3 Rxc1 28. Rxc1 Ra7 29. Nb8 Be7 30. Nc6 Bf8 31. Nxa7 1-0


[Site "https://www.chess.com"]

[Event "Titled Tuesday Blitz July 4 Early 2023"]
[White "Glavina, Pablo"]
[Black "Vyatkin, Dmitry"]
[WhiteFideId "100234"]
[BlackFideId "4171900"]
[WhiteElo "2398"]
[BlackElo "2517"]
[Result "1-0"]
[Round "11"]
[TimeControl "180+2"]
[Date "2023.07.04"]
[WhiteClock "0:01:10"]
[BlackClock "0:00:00"]
[Board "90"]

1. c4 g6 2. d4 Bg7 3. Nf3 Nf6 4. g3 O-O 5. Bg2 Nc6 6. O-O d6 7. Nc3 a6 8. d5 Na5 9. b3 c5 10. dxc6 bxc6 11. Bg5 h6 12. Bf4 c5 13. Qd2 Kh7 14. Rac1 Bb7 15. Rfd1 Ne4 16. Nxe4 Bxe4 17. Ng5+ hxg5 18. Bxe4 d5 19. Bxd5 gxf4 20. Qxf4 Qb8 21. Qh4+ Kg8 22. Bxa8 Bf6 23. Qf4 Qxf4 24. gxf4 Rxa8 25. Rd7 Nc6 26. e3 Rc8 27. Rcd1 Kg7 28. R1d2 a5 29. Kg2 Bc3 30. R2d3 Bf6 31. Rb7 Nb4 32. Rd2 a4 33. bxa4 Ra8 34. Rc7 Rxa4 35. Rxc5 Nxa2 36. Rc8 Nc3 37. c5 Rc4 38. Rc2 e5 39. fxe5 Bxe5 40. c6 Kf6 41. f4 Bd6 42. Kf3 Ke7 43. e4 Rc5 44. e5 1-0


[Site "https://www.chess.com"]

[Event "Titled Tuesday Blitz July 4 Early 2023"]
[White "Deng, Henry"]
[Black "Rosh Jain"]
[WhiteFideId "30965454"]
[BlackFideId "25789465"]
[WhiteElo "2517"]
[BlackElo "2372"]
[Result "0-1"]
[Round "11"]
[TimeControl "180+2"]
[Date "2023.07.04"]
[WhiteClock "0:00:09"]
[BlackClock "0:00:56"]
[Board "91"]

1. e4 c5 2. Nc3 Nc6 3. Bb5 Nd4 4. Nf3 g6 5. Ba4 Bg7 6. O-O e6 7. Nxd4 cxd4 8. Ne2 Ne7 9. d3 O-O 10. Qe1 d5 11. f3 dxe4 12. fxe4 f5 13. Bb3 fxe4 14. dxe4 Kh8 15. Rxf8+ Qxf8 16. Bg5 Nc6 17. Qg3 h6 18. Rf1 Qc5 19. Bd2 Ne5 20. Nf4 Kh7 21. Kh1 Qb6 22. Ne2 Bd7 23. Bxh6 Bxh6 24. Qxe5 Rf8 25. Rxf8 Bxf8 26. Qxd4 Qb5 27. Bc4 Qc6 28. Nc3 Bg7 29. Qd3 a6 30. Nd1 Bc8 31. h3 b5 32. Bb3 a5 33. c4 Ba6 34. cxb5 Bxb5 35. Qg3 a4 36. Qh4+ Kg8 37. Qd8+ Kh7 38. Qh4+ Kg8 39. Qd8+ Kf7 40. Bd5 exd5 41. exd5 Qd7 42. Qg5 Qf5 43. Qd2 Qf1+ 44. Kh2 Be5+ 45. g3 Be2 46. Ne3 Qf2+ 47. Kh1 Bf3+ 48. Ng2 Bxg2+ 49. Kh2 Bxg3# 0-1


[Site "https://www.chess.com"]

[Event "Titled Tuesday Blitz July 4 Early 2023"]
[White "Andreassen, Lars"]
[Black "Lehtosaari, Mauri"]
[WhiteFideId "1504878"]
[BlackFideId "501999"]
[WhiteElo "2280"]
[BlackElo "2516"]
[Result "1/2-1/2"]
[Round "11"]
[TimeControl "180+2"]
[Date "2023.07.04"]
[WhiteClock "0:00:14"]
[BlackClock "0:00:12"]
[Board "92"]

1. d4 d5 2. Nf3 Nf6 3. c4 c6 4. Nc3 dxc4 5. e4 b5 6. e5 Nd5 7. a4 e6 8. axb5 Nxc3 9. bxc3 cxb5 10. Ng5 Bb7 11. Qh5 g6 12. Qg4 h5 13. Qf4 Qd7 14. Be2 Bh6 15. Qf6 Rg8 16. Nxf7 Qxf7 17. Bxh6 Qxf6 18. exf6 Kf7 19. Bg5 Nd7 20. O-O a6 21. Rfb1 Bd5 22. Ra5 Nxf6 23. Bxf6 Kxf6 24. Rba1 Bb7 25. Bf3 Bxf3 26. gxf3 Rgb8 27. Rxa6 Rxa6 28. Rxa6 b4 29. cxb4 Rxb4 30. d5 c3 31. Rxe6+ Kf5 32. Rc6 Rd4 33. Rxc3 Rxd5 34. Kg2 Ra5 35. Rc6 Rb5 36. h4 Ra5 37. Kg3 Rb5 38. Rc8 Ra5 39. Rf8+ Ke6 40. f4 Ra3+ 41. f3 Ra1 42. Rg8 Kf7 43. Rb8 Rg1+ 44. Kf2 Ra1 45. Rb7+ Kf6 46. Rb6+ Kf5 47. Kg3 Rg1+ 48. Kf2 Ra1 49. Kg3 Rg1+ 50. Kf2 Ra1 1/2-1/2


[Site "https://www.chess.com"]

[Event "Titled Tuesday Blitz July 4 Early 2023"]
[White "Osinovsky, Stepan"]
[Black "Ashraf, Artin"]
[WhiteFideId "4157354"]
[BlackFideId "22514805"]
[WhiteElo "2322"]
[BlackElo "2708"]
[Result "0-1"]
[Round "11"]
[TimeControl "180+2"]
[Date "2023.07.04"]
[WhiteClock "0:00:00"]
[BlackClock "0:01:13"]
[Board "93"]

1. Nf3 Nf6 2. g3 g6 3. Bg2 Bg7 4. O-O O-O 5. d3 d5 6. Nbd2 e6 7. e4 c5 8. Re1 Nc6 9. a4 b6 10. exd5 Nxd5 11. Nc4 Qc7 12. h4 h6 13. h5 g5 14. Nxg5 hxg5 15. Bxg5 Kh7 16. h6 Bh8 17. Qh5 Rg8 18. Nd6 Rxg5 19. Qxg5 Qxd6 20. Be4+ f5 21. Bxf5+ exf5 22. Re8 Qf6 23. Qg8+ Kxh6 24. Kg2 Nf4+ 25. gxf4 Qg6+ 26. Kf3 Qxg8 27. Rxg8 Nd4+ 28. Ke3 Nxc2+ 0-1


[Site "https://www.chess.com"]

[Event "Titled Tuesday Blitz July 4 Early 2023"]
[White "Kuznetsov, Mikhail"]
[Black "Estrada Nieto, Julian"]
[WhiteFideId "4117190"]
[BlackFideId "5101018"]
[WhiteElo "2411"]
[BlackElo "2532"]
[Result "1/2-1/2"]
[Round "11"]
[TimeControl "180+2"]
[Date "2023.07.04"]
[WhiteClock "0:00:03"]
[BlackClock "0:00:09"]
[Board "94"]

1. Nf3 d5 2. g3 Nf6 3. Bg2 c6 4. O-O Bg4 5. d4 Nbd7 6. Nbd2 e6 7. c3 Be7 8. Re1 O-O 9. e4 dxe4 10. Nxe4 Nxe4 11. Rxe4 Nf6 12. Re1 Qb6 13. Qb3 Qxb3 14. axb3 Bxf3 15. Bxf3 a6 16. Be3 Rfd8 17. Ra5 Nd5 18. b4 Rac8 19. Raa1 g6 20. h4 h5 21. Kg2 Bf6 22. Bd2 Kg7 23. Red1 Rd7 24. Ra5 Rcd8 25. Be3 Nb6 26. Bg5 Nc4 27. Bxf6+ Kxf6 28. Ra2 Ke7 29. Be2 Nb6 30. Ra5 Kd6 31. Re5 Ke7 32. f4 Rd5 33. Bf3 R5d6 34. Rde1 Kf6 35. g4 hxg4 36. Bxg4 Rh8 37. Kg3 Nc4 38. R5e2 Rdd8 39. Bf3 Nd6 40. Bg4 Nf5+ 41. Bxf5 gxf5 42. Kh3 Rdg8 43. Rg2 Rxg2 44. Kxg2 Rxh4 45. Kg3 Rg4+ 46. Kf3 Rh4 47. Kg3 Rh8 48. c4 Rd8 49. Rd1 Ke7 50. Kf3 f6 51. b3 Rh8 52. Kg3 Kd6 53. Rd2 Rh1 54. Rd3 Rg1+ 55. Kf2 Rg4 56. Kf3 Rh4 57. Kg3 Rh1 58. Kg2 Re1 59. Kf2 Re4 60. Kf3 Kc7 61. Rd1 Kb6 62. Rd2 a5 63. bxa5+ Kxa5 64. d5 exd5 65. cxd5 cxd5 66. Rxd5+ Kb4 67. Rxf5 Re6 68. Rd5 Rb6 69. f5 Kxb3 70. Ke4 Kc4 71. Rd7 Rb5 72. Rc7+ Kb4 73. Rf7 Rb6 74. Kd5 Kb5 75. Re7 Kb4 76. Re6 Rb5+ 77. Ke4 b6 78. Rxf6 Kc5 79. Re6 Rb4+ 80. Ke5 Rb1 81. f6 Re1+ 82. Kf5 Rf1+ 83. Kg6 b5 84. f7 Rxf7 85. Kxf7 b4 86. Re8 Kc4 87. Rc8+ Kd3 88. Ke6 b3 89. Kd5 b2 90. Rb8 Kc2 91. Rc8+ Kd2 92. Rb8 Kc2 93. Kc4 b1=Q 94. Rxb1 Kxb1 1/2-1/2


[Site "https://www.chess.com"]

[Event "Titled Tuesday Blitz July 4 Early 2023"]
[White "Ahn, Hongjin"]
[Black "lagarto93"]
[WhiteFideId "13201492"]
[WhiteElo "2385"]
[BlackElo "2523"]
[Result "1-0"]
[Round "11"]
[TimeControl "180+2"]
[Date "2023.07.04"]
[WhiteClock "0:01:25"]
[BlackClock "0:01:32"]
[Board "95"]

1. e4 e6 2. d4 d5 3. Nc3 Nf6 4. e5 Nfd7 5. f4 c5 6. Nf3 Nc6 7. Be3 cxd4 8. Nxd4 Bc5 9. Qd2 O-O 10. Be2 a6 11. O-O Nxd4 12. Bxd4 b5 13. Rad1 Bb7 14. Bf3 Rc8 15. Ne2 Qb6 16. c3 a5 17. b4 axb4 18. cxb4 Bxd4+ 19. Nxd4 Rc4 20. a3 Rfc8 21. Be2 Rc3 22. Bxb5 Nf8 23. a4 Ng6 24. Kh1 Nh4 25. f5 Nxf5 26. Nxf5 exf5 27. Rxf5 Rc2 28. Qf4 d4 29. Rg5 h6 30. Rg3 Qe6 31. Bd3 R2c3 32. Bf5 Qb3 33. Rf1 Re8 34. e6 Rxg3 35. exf7+ Kxf7 36. Bc2+ 1-0


[Site "https://www.chess.com"]

[Event "Titled Tuesday Blitz July 4 Early 2023"]
[White "Petrova, Irina"]
[Black "Hajiyev, Kanan"]
[WhiteFideId "14124122"]
[BlackFideId "13404148"]
[WhiteElo "2374"]
[BlackElo "2516"]
[Result "0-1"]
[Round "11"]
[TimeControl "180+2"]
[Date "2023.07.04"]
[WhiteClock "0:00:42"]
[BlackClock "0:00:53"]
[Board "96"]

1. e4 c6 2. d4 d5 3. Nc3 a6 4. Nf3 Bg4 5. exd5 cxd5 6. Bf4 Nc6 7. Be2 e6 8. h3 Bh5 9. Ne5 Bxe2 10. Nxe2 Bd6 11. Nxc6 bxc6 12. O-O Nf6 13. c3 O-O 14. b4 a5 15. a3 Ne4 16. Bxd6 Qxd6 17. Qd3 Ra7 18. Rab1 axb4 19. axb4 Ra3 20. Rfc1 Rfa8 21. f3 Nf6 22. Qe3 h6 23. Nf4 Rb8 24. Nd3 Nd7 25. Nc5 Qc7 26. Ra1 Rba8 27. Qe1 Nxc5 28. bxc5 Qa5 29. Rxa3 Qxa3 30. Rb1 Qa2 31. Rb6 Qc2 32. Rxc6 Ra2 33. Qg3 Qxc3 34. Qg4 Rd2 35. Rc8+ Kh7 36. c6 Rxd4 37. Qg3 Qc1+ 38. Kh2 Rd1 39. Qb8 Rh1+ 40. Kg3 Qg5+ 41. Kf2 Qd2+ 42. Kg3 Rg1 43. Rh8+ Kg6 44. Rxh6+ Kxh6 45. Qh8+ Kg6 0-1


[Site "https://www.chess.com"]

[Event "Titled Tuesday Blitz July 4 Early 2023"]
[White "Fernandez, Michael"]
[Black "Bilan, Danila"]
[WhiteFideId "5803560"]
[BlackFideId "24161918"]
[WhiteElo "2373"]
[BlackElo "2515"]
[Result "0-1"]
[Round "11"]
[TimeControl "180+2"]
[Date "2023.07.04"]
[WhiteClock "0:00:06"]
[BlackClock "0:00:05"]
[Board "97"]

1. c4 c6 2. g3 d5 3. Bg2 Nf6 4. Nf3 Bf5 5. cxd5 cxd5 6. Qb3 Qc8 7. Nc3 e6 8. d3 Nc6 9. O-O Be7 10. Bf4 O-O 11. Rac1 Qd7 12. e4 Bg4 13. Ne5 Nxe5 14. Bxe5 dxe4 15. Nxe4 Nd5 16. Nc5 Bxc5 17. Rxc5 Rfc8 18. Rfc1 Rxc5 19. Rxc5 Rc8 20. Rxc8+ Qxc8 21. h3 Be2 22. Kh2 h6 23. Bd4 a6 24. Bxd5 exd5 25. Qxd5 Bxd3 26. Bxg7 Bf1 27. Bxh6 Qxh3+ 28. Kg1 Qxh6 29. Qd8+ Kh7 30. Kxf1 Qc1+ 31. Kg2 Qxb2 32. Qd5 Kg7 33. g4 b5 34. g5 a5 35. Kf3 a4 36. Ke4 Qxf2 37. Qxb5 Qxa2 38. Qe5+ Kg8 39. Qe8+ Kh7 40. Kf5 Qf2+ 41. Kg4 Qg2+ 42. Kh5 Qh3# 0-1


[Site "https://www.chess.com"]

[Event "Titled Tuesday Blitz July 4 Early 2023"]
[White "MAHanif"]
[Black "Turzo, Attila"]
[BlackFideId "704954"]
[WhiteElo "2373"]
[BlackElo "2511"]
[Result "0-1"]
[Round "11"]
[TimeControl "180+2"]
[Date "2023.07.04"]
[WhiteClock "0:00:00"]
[BlackClock "0:00:09"]
[Board "98"]

1. d4 d6 2. Nf3 Nf6 3. g3 g6 4. Bg2 Bg7 5. O-O O-O 6. c3 c6 7. Re1 Nbd7 8. e4 e5 9. Nbd2 Re8 10. Nc4 Qe7 11. dxe5 dxe5 12. Qd6 Qxd6 13. Nxd6 Rd8 14. Bg5 h6 15. Be3 Ne8 16. Rad1 Nf8 17. Bc5 b6 18. Ba3 Be6 19. b3 c5 20. Nxe8 Rxe8 21. c4 a5 22. Bb2 Bg4 23. a4 Bxf3 24. Bxf3 Ne6 25. Rd6 Rab8 26. Bg4 Nd4 27. Bxd4 cxd4 28. Kf1 Red8 29. Rxd8+ Rxd8 30. Rd1 d3 31. Ke1 Bf8 32. Kd2 Bc5 33. f3 h5 34. Bh3 Bb4+ 35. Ke3 d2 36. Bf1 Kg7 37. Bd3 Kf6 38. Bc2 Ke6 39. Rf1 f5 40. Bd1 Bc5+ 41. Ke2 f4 42. gxf4 exf4 43. Rh1 g5 44. h3 Ke5 45. Rh2 Be3 46. Rg2 Rg8 47. Rh2 Kd4 48. Rg2 Kc3 49. e5 Bc5 50. e6 Rg6 0-1


[Site "https://www.chess.com"]

[Event "Titled Tuesday Blitz July 4 Early 2023"]
[White "Todorovic, Bojan"]
[Black "Belov, Alexei"]
[WhiteFideId "917087"]
[BlackFideId "4128206"]
[WhiteElo "2362"]
[BlackElo "2491"]
[Result "0-1"]
[Round "11"]
[TimeControl "180+2"]
[Date "2023.07.04"]
[WhiteClock "0:00:00"]
[BlackClock "0:00:38"]
[Board "99"]

1. d4 e6 2. c4 d5 3. Nc3 Be7 4. Nf3 Nf6 5. Bg5 Nbd7 6. e3 O-O 7. Qc2 c5 8. dxc5 Nxc5 9. Rd1 Qa5 10. a3 Nce4 11. Bd3 Nxg5 12. Nxg5 d4 13. Bxh7+ Kh8 14. Nxf7+ Rxf7 15. Bg6 dxc3 16. b4 Qxa3 17. Bxf7 Qb2 18. Bg6 Qxc2 19. Bxc2 e5 20. c5 a5 21. Ra1 b6 22. O-O Bb7 23. bxa5 bxa5 24. Rfb1 Bc6 25. Rb6 Bd5 26. h3 Be4 27. Bxe4 Nxe4 28. c6 Bd6 29. f3 Nd2 30. Rc1 Bc5 31. Rb7 Bxe3+ 32. Kh1 Ne4 33. c7 Nd6 34. Rb8+ Kh7 35. Rxa8 Bxc1 36. Rxa5 Be3 37. Rxe5 c2 38. Rh5+ Kg6 0-1


[Site "https://www.chess.com"]